 Dungeon Crawl Stone Soup version 0.30.1-9-gdf580d7c3d (webtiles) character file.

Game seed: 4123469729054103753

1355 Zalbag the Magician (level 8, -12/58 HPs)
             Began as a Djinni Fire Elementalist on Oct 25, 2023.
             Was the Champion of Ru.
             Mangled by an orc warrior
             ... wielding a +0 scimitar
              (17 damage)
             ... on level 7 of the Dungeon.
             The game lasted 00:16:21 (6297 turns).

Zalbag the Magician (Djinni Fire Elementalist)      Turns: 6297, Time: 00:16:22

Health: -12/58     AC:  3    Str:  7    XL:     8   Next: 95%
Gold:   235        EV: 18    Int: 19    God:    Ru [******] SH:  5 Dex: 14

rFire   + + .        q - +2 dagger (speed)
rCold   x . .        (shield unavailable)
rNeg    . . .        a - +0 robe
rPois   ∞            A - +0 helmet
rElec   .            (no cloak)
rCorr   .            (no gloves)
SInv    .            (boots unavailable)
Will    .....        L - amulet of reflection
Stlth   ++           (ring unavailable)
HPRegen 0.29/turn    J - +5 ring of evasion
MPRegen 0.00/turn

%: reflection, infuse magic (-13 HP)
@: flying
A: sickness immunity, fire resistance 2, cold vulnerability 1, missing a hand,
inability to use devices, missing an eye, float, innate caster, HP casting,
extra vitality 1
a: Renounce Religion, Draw Out Power, Power Leap, Apocalypse


You were on level 7 of the Dungeon.
You worshipped Ru.
Ru was exalted by your worship.
You visited 2 branches of the dungeon, and saw 8 of its levels.

You collected 379 gold pieces.
You spent 144 gold pieces at shops.

Inventory:

Hand Weapons
 q - a +2 dagger of speed (weapon)
 F - a +4 dagger
Missiles
 i - 8 poisoned darts (quivered)
 G - 4 boomerangs
Armour
 a - a +0 robe (worn)
 A - a +0 helmet (worn)
 M - quicksilver dragon scales
Jewellery
 e - a +6 ring of strength
 E - an amulet of the acrobat
 J - a +5 ring of evasion (right hand)
 L - an amulet of reflection (around neck)
Wands
 o - a wand of mindburst (15)
 p - a wand of paralysis (8)
 y - a wand of flame (10)
Scrolls
 c - 3 scrolls of fear
 g - a scroll of noise {unknown}
 h - 3 scrolls of magic mapping {unknown}
 j - 2 scrolls of poison {unknown}
 n - 3 scrolls of blinking {unknown}
 r - 4 scrolls of identify {unknown}
 s - a scroll of amnesia {unknown}
 u - 5 scrolls of teleportation {unknown}
 v - a scroll of fog {unknown}
 w - 2 scrolls of immolation {unknown}
 D - a scroll of silence {unknown}
 I - a scroll of vulnerability {unknown}
 K - a scroll of enchant armour {unknown}
Potions
 b - 2 potions of ambrosia {unknown}
 d - 3 potions of berserk rage {unknown}
 f - 5 potions of degeneration {unknown}
 k - a potion of magic {unknown}
 l - 4 potions of curing {unknown}
 m - a potion of lignification {unknown}
 t - a potion of flight {unknown}
 x - a potion of mutation {unknown}
 z - a potion of might {unknown}
 B - 2 potions of haste {unknown}
 C - a potion of attraction {unknown}
 H - a potion of brilliance {unknown}


   Skills:
 + Level 4.6 Fighting
 - Level 1.1 Short Blades
 - Level 1.0 Throwing
 + Level 0.2 Armour
 - Level 3.5 Dodging
 - Level 3.2 Stealth
 * Level 6.3 Spellcasting


You knew the following spells:

 Your Spells              Type           Power      Damage    Failure   Level
a - Foxfire               Conj/Fire      100%       2x1d9     1%          1
b - Scorch                Fire           60%        2d7       1%          2
c - Volatile Blastmotes   Fire/Tloc      60%        2d15      2%          3
d - Inner Flame           Hex/Fire       30%        N/A       2%          3
e - Flame Wave            Conj/Fire      30%        2d9       8%          4
f - Beastly Appendage     Tmut           60%        N/A       1%          1
g - Momentum Strike       Conj/Tloc      60%        3d9       1%          2
h - Ensorcelled Hibernat  Hex/Ice        60%        N/A       1%          2
Your spell library was empty.

Dungeon Overview and Level Annotations

Branches:
Dungeon (7/15)             Temple (1/1) D:7

Altars:
Ashenzari
Cheibriados
Gozag
Makhleb
Nemelex Xobeh
Ru

Shops:
D:4 [

Annotations:
D:7 1 transporter, Vadun's ghost, novice MiMo


Innate Abilities, Weirdness & Mutations

You are immune to sickness and miasma.
You are immune to poison.
Your flesh is very heat resistant. (rF++)
You are vulnerable to cold. (rC-)
You are missing a hand.
You cannot study or use magical devices.
You are missing an eye, making it more difficult to aim.
You float through the air rather than walking.
You learn spells naturally, not from books.
Your magical power is your life essence.
You have superior vitality. (+4 MHP)


Message History

The orc priest is heavily wounded.
The orc priest's fire resistance burns away.
The orc priest begins to pray, but is stunned by your conviction!
The orc is stunned by your conviction and fails to attack.
The orc closely misses you.
Unknown command.
Casting: Scorch (safe; 1% risk of failure)
Confirm with . or Enter, or press ? or * to list all spells.
Flames lash the orc.
The orc is burned terribly!
You kill the orc!
The orc priest is no longer moving slowly.
The orc is no longer more vulnerable to fire.
The orc hits you with a +0 whip.
You focus your inner power and blind the orc in retribution!
The orc priest begins to pray, but is stunned by your conviction!
Casting: Scorch (safe; 1% risk of failure)
Confirm with . or Enter, or press ? or * to list all spells.
You don't know that spell.
Unknown command.
Casting: Scorch (safe; 1% risk of failure)
Confirm with . or Enter, or press ? or * to list all spells.
Casting: Flame Wave (dangerous; 8% risk of failure)
Press: ? - help, Dir - look around, f - activate A wave of flame ripples out!
The flame wave engulfs the orc.
You kill the orc! (Press . to intensify the flame waves.)
* * * LOW HITPOINT WARNING * * *
You hear an angry hiss.
The orc priest invokes the aid of Beogh against you.
Beogh smites you!
* * * LOW HITPOINT WARNING * * *
You focus your inner power and blind the orc priest in retribution!
Unknown command.
Casting: Flame Wave (dangerous; 8% risk of failure)
Confirm with . or Enter, or press ? or * to list all spells.
Flames lash the orc priest.
The orc priest is burned terribly!
You kill the orc priest!
* * * LOW HITPOINT WARNING * * *
The orc warrior hits you with a +0 scimitar!
You die...

#.# ..# ..
#.# ..#..
#...#
#.#.#######
#....o.....
#.))..o....
#o## #)@#
##.# # #.#
# #.# #
#.## #
#..## #
#)..# #
#.>.# ##
#:..#
#####.


You could see an orc warrior.

Vanquished Creatures
  Menkaure (D:6)
  An ogre (D:6)
  2 centaurs (D:5)
  3 phantoms
  3 scorpions
  2 hounds
  2 orc priests (D:7)
  A sleepcap (D:5)
  3 iguanas (D:6)
  Terence (D:3)
  3 orc wizards
  5 gnolls
  11 adders
  A shadow imp (D:6)
  2 white imps (D:5)
  4 ufetubi
  4 worms
  5 dart slugs
  12 orcs
  13 ball pythons
  4 bats
  5 endoplasms
  3 giant cockroaches
  6 hobgoblins
  5 kobolds
  2 quokkas
  2 frilled lizards
  11 goblins
  3 rats
120 creatures vanquished.

Vanquished Creatures (others)
  87 foxfires
87 creatures vanquished.

Grand Total: 207 creatures vanquished

Notes
Turn   | Place    | Note
-------+----------+-------------------------------------------
     0 | D:1      | Zalbag the Djinni Fire Elementalist began the quest for the
                  | Orb.
     0 | D:1      | Zalbag set off with the following spells memorised:
                  | Foxfire, Scorch, Volatile Blastmotes, Inner Flame, Flame
                  | Wave.
     0 | D:1      | Reached XP level 1. HP: 15/15 MP: 0/0
   184 | D:1      | Reached XP level 2. HP: 21/21 MP: 0/0
   253 | D:1      | Found a faded altar of an unknown god.
   267 | D:1      | Prayed at the altar of an unknown god.
   267 | D:1      | Became a worshipper of Ru the Awakened
   290 | D:1      | Gained mutation: You are missing a hand. [Ru sacrifice]
   290 | D:1      | Reached * piety under Ru
   290 | D:1      | Reached ** piety under Ru
   290 | D:1      | Reached *** piety under Ru
   860 | D:1      | Reached skill level 3 in Spellcasting
   860 | D:1      | Reached XP level 3. HP: 22/25 MP: 0/0
   860 | D:1      | Learned a level 1 spell: Beastly Appendage
  1129 | D:2      | Found a broken altar of Ashenzari.
  1209 | D:2      | Reached XP level 4. HP: 26/31 MP: 0/0
  2294 | D:3      | Noticed Terence
  2301 | D:3      | Killed Terence
  2302 | D:3      | Reached XP level 5. HP: 29/35 MP: 0/0
  2302 | D:3      | Learned a level 2 spell: Momentum Strike
  2488 | D:3      | Identified the +4 helmet "Xutz" {Harm Stlth+}
  2572 | D:3      | Found a burning altar of Makhleb.
  3067 | D:4      | Reached skill level 1 in Fighting
  3067 | D:4      | Reached skill level 4 in Spellcasting
  3067 | D:4      | Reached XP level 6. HP: 40/42 MP: 0/0
  3202 | D:4      | Gained mutation: You are missing an eye, making it more
                  | difficult to aim. [Ru sacrifice]
  3202 | D:4      | Reached **** piety under Ru
  3860 | D:4      | Found Feguyn's Antique Armour Shop.
  3866 | D:4      | Bought a helmet for 144 gold pieces
  4097 | D:5      | Entered Level 5 of the Dungeon
  4382 | D:5      | Reached XP level 7. HP: 41/49 MP: 0/0
  4382 | D:5      | Learned a level 2 spell: Ensorcelled Hibernation
  4434 | D:5      | Reached skill level 5 in Spellcasting
  4533 | D:5      | Identified the +1 plate armour of the Valley of Death {rN+}
  4911 | D:5      | Reached XP level 8. HP: 48/56 MP: 0/0
  5317 | D:6      | Gained mutation: You cannot study or use magical devices.
                  | [Ru sacrifice]
  5317 | D:6      | Reached ***** piety under Ru
  5317 | D:6      | Reached ****** piety under Ru
  5493 | D:6      | Found a broken altar of Ashenzari.
  5539 | D:6      | Reached skill level 6 in Spellcasting
  5663 | D:6      | Found a snail-covered altar of Cheibriados.
  5810 | D:6      | Noticed Menkaure
  5817 | D:6      | Killed Menkaure
  6006 | D:6      | Found a sparkling altar of Nemelex Xobeh.
  6144 | D:6      | Found an opulent altar of Gozag.
  6187 | D:7      | Noticed Vadun's ghost (novice MiMo)
  6191 | D:7      | Identified the +4 dire flail of Osolura {flame, rC+}
  6202 | D:7      | Found a transporter.
  6217 | D:7      | Reached skill level 1 in Short Blades
  6217 | D:7      | Reached skill level 1 in Throwing
  6237 | D:7      | Found a staircase to the Ecumenical Temple.
  6252 | Temple   | Entered the Ecumenical Temple
  6297 | D:7      | Mangled by an orc warrior

Illustrated notes

Levels and vault maps discovered:
D:1:      dpeg_arrival_boxes_within_box, layout_basic,
          chequers_ecumenical_altar_simple_redux, minmay_bisected
D:2:      layout_basic, basic_altar
D:3:      layout_loops_ring, mainiacjoe_overflow_alcove_4, uniq_terence
D:4:      layout_loops_corners, serial_shops, nicolae_shop_statue_plus
D:5:      layout_gridville, minmay_circle_x
D:6:      layout_basic, lemuel_coloured_pillars_altar,
          mainiacjoe_overflow_concentric_impassable,
          nemelex_xobeh_ov_fountains_minmay, cheibriados_altar_1, uniq_menkaure
D:7:      layout_loops_ring, palyth_temple_overflow_mages,
          mainiacjoe_overflow_cross_hatched, minmay_temple_entry_offerings,
          gammafunk_ghost_smash
Temple:   nicolae_temple_superstar

Skill      XL: |  1  2  3  4  5  6  7  8 |
---------------+-------------------------+-----
Spellcasting   | 3 4 5 6 |  6.3
Dodging        | 3 |  3.5
Fighting       | 1 2 3 4 |  4.6
Stealth        | 2 3 |  3.2
Short Blades   | 1 |  1.1
Throwing       | 1 |  1.0
Armour         | |  0.2

Action                     |  1- 3 |  4- 6 |  7- 9 || total
---------------------------+-------+-------+-------++-------
  Melee: Short sword       |    41 |       |       ||    41
         Unarmed           |     4 |       |       ||     4
         Dagger            |       |    74 |     6 ||    80
  Throw: Dart              |     4 |    13 |    18 ||    35
   Cast: Foxfire           |    16 |    18 |    21 ||    55
         Scorch            |     2 |    58 |    54 ||   114
         Flame Wave        |       |       |     1 ||     1
 Invoke: Sacrifice a Hand  |     1 |       |       ||     1
         Power Leap        |       |     1 |       ||     1
         Sacrifice an Eye  |       |     1 |       ||     1
         Sacrifice Artific |       |       |     1 ||     1
    Use: Scroll            |       |     2 |       ||     2
   Stab: Sleeping          |     1 |     6 |       ||     7
         Paralysed         |       |       |     1 ||     1
 Armour: Robe              |     9 |    16 |     3 ||    28
  Dodge: Dodged            |    36 |    52 |    18 ||   106
  Block: Other             |       |       |     1 ||     1
